 Dungeon Crawl Stone Soup version 0.25.1-9-gc5326a611f (webtiles) character file.

Game seed: 6165286705748683281

13558 RETERIOR the Cleaver (level 11, 0/97 HPs)
             Began as a Minotaur Fighter on Jan 3, 2021.
             Was a Believer of Uskayaw.
             Slain by a wolf (1 damage)
             ... on level 2 of the Lair of Beasts.
             The game lasted 00:41:09 (12492 turns).

RETERIOR the Cleaver (Minotaur Fighter)            Turns: 12492, Time: 00:41:17

Health: 0/97       AC: 11    Str: 26    XL:     11   Next: 77%
Magic:  10/10      EV:  5    Int:  7    God:    Uskayaw [**....]
Gold:   565        SH: 11    Dex:  8    Spells: 10/10 levels left

rFire    . . .     SeeInvis .   w - +2 war axe (flame)
rCold    . . .     Gourm    .   c - +3 kite shield
rNeg     . . .     Faith    .   y - +2 chain mail
rPois    .         Spirit   .   (helmet restricted)
rElec    +         Reflect  .   (no cloak)
rCorr    .         Harm     .   (no gloves)
MR       +++..                  G - +0 pair of boots
Stlth    ..........             D - amulet of Yfogaypo {rElec MR++ Regen+ Slay+3}
HPRegen  0.66/turn              p - ring of flight
MPRegen  0.12/turn              (no ring)

@: lethally poisoned (0 -> -1), about to teleport, extremely drained
A: retaliatory headbutt, horns 2, clever 1, clumsy 1, magic resistance 1, strong
1
a: Stomp, Line Pass, Renounce Religion, Evoke Flight


You were on level 2 of the Lair of Beasts.
You worshipped Uskayaw.
Uskayaw was noncommittal.
You were not hungry.

You visited 3 branches of the dungeon, and saw 13 of its levels.
You also visited: Sewer.

You collected 565 gold pieces.

Inventory:

Hand Weapons
 a - a +0 war axe
 h - a +1 dagger of venom
 o - a cursed -1 whip
 s - a +2 dagger of speed
 v - a +1 short sword of flaming
 w - a +2 war axe of flaming (weapon)
 L - the +8 rapier "Zat Doj" {vorpal, MR+ Str+3}
   (You found it on level 9 of the Dungeon)

   It inflicts extra damage upon your enemies.
   It affects your strength (+3).
   It affects your resistance to hostile enchantments.
Armour
 b - a +1 scale mail
 c - a +3 kite shield (worn)
 g - a +0 chain mail
 y - a +2 chain mail (worn)
 G - a +0 pair of boots (worn)
Magical Staves
 u - an uncursed staff of wizardry
Jewellery
 p - a ring of flight (left hand)
 D - the amulet of Yfogaypo (around neck) {rElec MR++ Regen+ Slay+3}
   (You found it on level 7 of the Dungeon)

   [amulet of regeneration]

   It affects your accuracy and damage with ranged weapons and melee attacks
   (+3).
   It insulates you from electricity.
   It affects your resistance to hostile enchantments.
   It increases your rate of regeneration.
Wands
 m - a wand of iceblast (10)
 F - a wand of disintegration (33)
 I - a wand of acid (8)
Scrolls
 k - a scroll of remove curse
 n - 6 scrolls of identify
 r - a scroll of random uselessness
 t - a scroll of amnesia
 z - 4 scrolls of magic mapping
 A - 5 scrolls of teleportation
 B - a scroll of blinking
 E - 2 scrolls of immolation
 J - a scroll of summoning {unknown}
 K - a scroll of enchant weapon {unknown}
 M - a scroll of fog {unknown}
Potions
 d - 2 potions of might
 e - a potion of haste
 i - 3 potions of stabbing
 j - 3 potions of degeneration
 l - 2 potions of heal wounds
 q - 5 potions of curing
 x - 8 potions of flight
 C - 2 potions of brilliance
 H - a potion of ambrosia {unknown}
Comestibles
 f - 14 rations


   Skills:
 + Level 9.0(0.0) Fighting
 + Level 12.4(1.7) Axes
 + Level 10.8(0.5) Armour
 + Level 4.3(0.0) Dodging
 + Level 4.8(0.0) Stealth
 + Level 11.6(1.1) Shields
 + Level 0.2(0.0) Evocations


You had 10 spell levels left.
You didn't know any spells.
Your spell library contained the following spells:

 Spells                   Type           Power        Failure   Level  Hunger
 Confusing Touch          Hex            #.......     100%        3    ####...
 Gell's Gravitas          Tloc           #.........   100%        3    ####...
 Petrify                  Tmut/Erth      #.......     100%        4    #####..
 Metabolic Englaciation   Hex/Ice        #.........   100%        5    ######.
 Yara's Violent Unravell  Hex/Tmut       #.........   100%        5    ######.


Dungeon Overview and Level Annotations

Branches:
Dungeon (10/15)            Temple (1/1) D:4            Lair (2/6) D:10
  Swamp (0/4) Lair:2        Sewer (visited)
  Snake: Lair:2-4    Spider: Lair:2-4       Orc: D:9-12

Altars:
Ashenzari
Cheibriados
Dithmenos
Elyvilon
Fedhas
Gozag
Hepliaklqana
Kikubaaqudgha
Makhleb
Nemelex Xobeh
Okawaru
Qazlal
Ru
Sif Muna
Trog
Uskayaw
Vehumet
Wu Jian
Xom
Yredelemnul
Zin
The Shining One

Annotations:
D:3 1 runed translucent door


Innate Abilities, Weirdness & Mutations

You reflexively headbutt those who attack you in melee.
You have a pair of horns on your head.
Your mind is acute. (Int +2)
You are clumsy. (Dex -2)
You are resistant to hostile enchantments. (MR+)
Your muscles are strong. (Str +2)


Message History

The wolf bites you!
* * * LOW HITPOINT WARNING * * *
You feel sick. The wolf bites you.
* * * LOW HITPOINT WARNING * * *
You block the wolf's attack. The wolf bites you.
* * * LOW HITPOINT WARNING * * *
You block the wolf's attack. The wolf bites you.
* * * LOW HITPOINT WARNING * * *
The wolf bites you.
* * * LOW HITPOINT WARNING * * *
You block the wolf's attack. The wolf bites you but does no damage.
The wolf bites you.
* * * LOW HITPOINT WARNING * * *
You hit the wolf. You burn the wolf.
You kill the wolf!
You closely miss the wolf.
The wolf bites you but does no damage. x2
The wolf bites you.
* * * LOW HITPOINT WARNING * * *
The wolf bites you but does no damage. The wolf bites you.
You die...

##...≈# ##....## ###
#......##..#
#.........# #
#P...§§§..# .##
##.#.^§§§P# ##..#.
#.§§.§§§.# # .....
##§§§..h## .#.(.##
#.#.§§§#@## ####....P#
#.#.§PP§#hh###.#.....#
#.....#..h......#...#
...^.###...^........#
..... #^.....P......#
#....
##^..^...###.....#
#... ##.....## #...##
#.^ #......# #...#
^..^...## ....


You could see 4 wolves.

Vanquished Creatures
  The ghost of feorh the Basher, a novice TrGl of Okawaru (D:8)
  2 two-headed ogres
  3 death yaks (D:10)
  Sonja (Lair:1)
  An unseen horror (D:10)
  Pikel (D:5)
  The ghost of teukkam the Ruffian, a novice TrMo (D:7)
  2 moths of wrath
  A black mamba (Lair:1)
  5 hippogriffs
  A vampire (D:9)
  A redback (Lair:2)
  A spriggan (D:7)
  2 wyverns
  7 yaks
  2 water moccasins
  A porcupine (D:10)
  3 orc warriors
  2 phantoms
  A slave (D:5)
  An ice beast (D:8)
  3 black bears
  A sky beast (D:5)
  A centaur (D:6)
  5 ogres
  A wolf (Lair:2)
  A crocodile (Lair:1)
  A gnoll sergeant (D:9)
  4 bullfrogs
  2 scorpions (D:6)
  8 killer bees
  3 wights (D:8)
  3 electric eels
  A howler monkey (D:6)
  5 crimson imps
  A quasit (D:9)
  A jelly (D:9)
  A centaur skeleton (D:5)
  4 orc priests
  8 hounds
  6 orc wizards
  3 iguanas
  9 worker ants
  A hound zombie (D:5)
  6 gnolls
  15 adders
  2 shadow imps
  4 oozes
  2 dart slugs (D:1)
  9 leopard geckos
  31 orcs
  14 giant cockroaches
  14 goblins
  10 hobgoblins
  16 jackals
  12 quokkas
  5 ball pythons
  8 bats
  7 frilled lizards
  6 kobolds
  A quokka skeleton (D:8)
  8 rats
  3 plants
286 creatures vanquished.

Vanquished Creatures (others)
  A quokka zombie (D:5)
1 creature vanquished.

Grand Total: 287 creatures vanquished

Notes
Turn   | Place    | Note
-------+----------+-------------------------------------------
     0 | D:1      | RETERIOR the Minotaur Fighter began the quest for the Orb.
     0 | D:1      | Reached XP level 1. HP: 19/19 MP: 0/0
   106 | D:1      | Reached XP level 2. HP: 22/27 MP: 1/1
   463 | D:1      | Reached XP level 3. HP: 33/33 MP: 2/2
   490 | D:1      | Reached skill level 3 in Axes
   983 | D:2      | Found a shimmering altar of Xom.
  1172 | D:2      | Reached XP level 4. HP: 38/40 MP: 3/3
  1349 | D:2      | Found a shattered altar of Ashenzari.
  1511 | D:3      | Reached skill level 1 in Dodging
  1562 | D:3      | Reached skill level 4 in Axes
  1562 | D:3      | Reached XP level 5. HP: 34/47 MP: 4/4
  1700 | D:3      | Found a hide-covered altar of Uskayaw.
  1708 | D:3      | Became a worshipper of Uskayaw the Reveler
  1733 | D:3      | Found a snail-covered altar of Cheibriados.
  1736 | D:3      | Reached * piety under Uskayaw
  1765 | D:3      | Reached ** piety under Uskayaw
  2194 | D:3      | Reached skill level 5 in Shields
  2215 | D:3      | Found a white marble altar of Elyvilon.
  2215 | D:3      | Noticed an angel
  2216 | D:3      | Found a runed translucent door.
  2660 | D:4      | Found a glowing silver altar of Zin.
  2660 | D:4      | Noticed an angel
  2923 | D:4      | Reached XP level 6. HP: 53/53 MP: 5/5
  3087 | D:4      | Found a staircase to the Ecumenical Temple.
  3094 | Temple   | Entered the Ecumenical Temple
  3611 | D:4      | Reached skill level 5 in Axes
  3822 | D:4      | Reached skill level 5 in Armour
  3830 | D:4      | Reached *** piety under Uskayaw
  3835 | D:4      | Reached **** piety under Uskayaw
  4015 | D:4      | Found an ornate altar of the Wu Jian Council.
  4100 | D:5      | Entered Level 5 of the Dungeon
  4127 | D:5      | Reached XP level 7. HP: 57/60 MP: 6/6
  4153 | D:5      | Noticed a hippogriff
  4165 | D:5      | Killed a hippogriff
  4165 | D:5      | Reached skill level 5 in Fighting
  4165 | D:5      | Reached skill level 6 in Axes
  4165 | D:5      | Reached skill level 1 in Stealth
  4358 | D:5      | Found a white marble altar of Elyvilon.
  4716 | D:5      | Reached XP level 8. HP: 61/68 MP: 7/7
  4718 | D:5      | Found a bloodstained altar of Trog.
  4722 | D:5      | Noticed Pikel
  4723 | D:5      | You fall into a shaft and drop 3 floors!
  4728 | D:8      | Reached skill level 7 in Axes
  4949 | D:7      | Reached ***** piety under Uskayaw
  5191 | D:7      | Found an opulent altar of Gozag.
  5393 | D:6      | Reached skill level 8 in Axes
  5644 | D:6      | Found a glowing drain.
  5663 | Sewer    | Entered a sewer
  5870 | Sewer    | Gained mutation: You are resistant to hostile enchantments.
                  | (MR+) [potion of mutation]
  5870 | Sewer    | Gained mutation: You are clumsy. (Dex -2) [potion of
                  | mutation]
  5870 | Sewer    | Gained mutation: Your mind is acute. (Int +2) [potion of
                  | mutation]
  5870 | Sewer    | Gained mutation: Your muscles are strong. (Str +2) [potion
                  | of mutation]
  6203 | D:6      | Reached XP level 9. HP: 55/75 MP: 8/8
  6485 | D:5      | Killed Pikel
  6485 | D:5      | Reached skill level 9 in Axes
  6921 | D:6      | Found a white marble altar of Elyvilon.
  8141 | D:7      | Found a transporter.
  8141 | D:7      | Noticed teukkam's ghost (novice TrMo)
  8148 | D:7      | Noticed a moth of wrath
  8164 | D:7      | Found a transporter.
  8203 | D:7      | Killed teukkam's ghost
  8203 | D:7      | Reached skill level 10 in Axes
  8203 | D:7      | Reached XP level 10. HP: 59/84 MP: 9/9
  8204 | D:7      | Killed a moth of wrath
  8210 | D:7      | HP: 2/84 [yak (19)]
  8461 | D:7      | Got a warped crystal amulet
  8489 | D:7      | Identified the amulet of Yfogaypo {rElec MR++ Regen+
                  | Slay+3} (You found it on level 7 of the Dungeon)
  9352 | D:8      | Found a transporter.
  9352 | D:8      | Noticed a two-headed ogre
  9358 | D:8      | Killed a two-headed ogre
  9362 | D:8      | Noticed feorh's ghost (novice TrGl)
  9365 | D:8      | Noticed a moth of wrath
  9380 | D:8      | Found a transporter.
  9730 | D:8      | Found an iron altar of Okawaru.
 10228 | D:8      | Killed a moth of wrath
 10228 | D:8      | Reached skill level 11 in Axes
 10228 | D:8      | Reached skill level 10 in Shields
 10237 | D:8      | Killed feorh's ghost
 10326 | D:9      | Noticed a two-headed ogre
 10332 | D:9      | Killed a two-headed ogre
 10332 | D:9      | Reached skill level 10 in Armour
 10332 | D:9      | Reached XP level 11. HP: 49/93 MP: 10/10
 11012 | D:9      | Found a burning altar of Makhleb.
 11029 | D:9      | Got a scorched rapier
 11032 | D:9      | Identified the +8 rapier "Zat Doj" {vorpal, MR+ Str+3} (You
                  | found it on level 9 of the Dungeon)
 11291 | D:10     | Entered Level 10 of the Dungeon
 11329 | D:10     | Noticed a death yak
 11336 | D:10     | Noticed a death yak
 11337 | D:10     | Killed an unseen horror
 11342 | D:10     | Noticed a death yak
 11346 | D:10     | Killed a death yak
 11346 | D:10     | Reached skill level 12 in Axes
 11350 | D:10     | Killed a death yak
 11355 | D:10     | Reached ****** piety under Uskayaw
 11362 | D:10     | Killed a death yak
 11381 | D:10     | Found a staircase to the Lair.
 11538 | Lair:1   | Entered Level 1 of the Lair of Beasts
 11720 | Lair:1   | Noticed Sonja
 11764 | Lair:1   | Killed Sonja
 12349 | Lair:2   | Found a staircase to the Swamp.
 12490 | Lair:2   | HP: 3/97 [wolf (2)]
 12492 | Lair:2   | HP: 1/97 [wolf (2)]
 12492 | Lair:2   | Slain by a wolf

Illustrated notes

Levels and vault maps discovered:
D:1:      minmay_arrival_four_circles, layout_basic, serial_glass,
          glass_columns_b, glass_columns_a
D:2:      layout_basic, overflow_temple_1_default, lemuel_round_altar
D:3:      layout_basic, old_standard_altar, lemuel_doored_altar, first_ration,
          lemuel_angel_altar
D:4:      layout_loops_corners, kennysheep_mini_moat, zin_angel,
          minmay_temple_entry_gardened_gates, bh_chokoban,
          minmay_close_crescents
D:5:      layout_loops_ring, old_standard_altar, elyvilon_altar_4, uniq_pikel
D:6:      layout_basic, portal_sewer_entry_f, lemuel_tele_altar
D:7:      layout_layer_cave, kennysheep_mini, gammafunk_ghost_berserking_beasts,
          the_bakery, water_maze_lemuel
D:8:      layout_basic, okawaru_trees_1, gammafunk_ghost_berserking_beasts,
          kennysheep_nondescript
D:9:      layout_basic, makhleb_heckhound_becter
D:10:     minmay_polygon_palace, layout_cave_pools, dpeg_lair_monsters,
          ebering_ghost_xom, lemuel_oklob_altar
Temple:   minmay_temple_forest_path
Lair:1:   layout_roguey, serial_bayou_shore_a, uniq_sonja
Lair:2:   regret_index_wax_grids, layout_concentric_octagons, swamp_mist,
          spider_nest_entry_webs, gauntlet_entry_generic,
          cheibrodos_lair_caveside_slide

Skill      XL: |  1  2  3  4  5  6  7  8  9 10 11 |
---------------+----------------------------------+-----
Shields        | 4 5 6 7 9 10 11 | 11.6
Armour         | 4 5 6 7 8 10 | 10.8
Fighting       | 4 5 6 7 9 |  9.0
Axes           | 3 4 5 6 8 10 11 12 | 12.4
Dodging        | 1 2 3 4 |  4.3
Stealth        | 1 2 3 4 |  4.8
Evocations     | |  0.2

Action                   |  1- 3 |  4- 6 |  7- 9 | 10-12 || total
-------------------------+-------+-------+-------+-------++-------
Melee: War axe           |    76 |   153 |   254 |   234 ||   717
       Headbutt          |     9 |    23 |    38 |    40 ||   110
Invok: Stomp             |       |     3 |     2 |     2 ||     7
Evoke: Wand              |       |       |       |     4 ||     4
  Use: Scroll            |       |     2 |    12 |     6 ||    20
       Potion            |       |       |    11 |     6 ||    17
 Stab: Paralysed         |       |     2 |    10 |     9 ||    21
  Eat: Chunk             |     1 |    10 |     4 |     4 ||    19
       Ration            |       |       |     3 |     3 ||     6
Armor: Scale mail        |    47 |    73 |    32 |       ||   152
       Chain mail        |       |       |    83 |   126 ||   209
Dodge: Dodged            |    36 |    50 |    99 |    52 ||   237
Block: Kite shield       |    39 |    97 |   237 |   192 ||   565
